 Dungeon Crawl Stone Soup version 0.28-a0-980-g3664467d6e (webtiles) character file.

Game seed: 6909665163831828414

15336 Decritt the Covert (level 12, -15/59 HPs)
             Began as a Spriggan Enchanter on Dec 2, 2021.
             Was a Follower of Dithmenos.
             Demolished by an orc knight (24 damage)
             ... on level 12 of the Dungeon.
             The game lasted 01:14:42 (22342 turns).

Decritt the Covert (Spriggan Enchanter)            Turns: 22342, Time: 01:14:43

Health: -15/59     AC:  8    Str: 12    XL:     12   Next: 0%
Magic:  8/20       EV: 23    Int: 17    God:    Dithmenos [*.....]
Gold:   526        SH:  9    Dex: 18    Spells: 10/21 levels left

rFire   . . .      SeeInvis +   y - +1 dagger (venom)
rCold   . . .      Faith    .   m - +1 buckler
rNeg    . . .      Spirit   .   B - +0 acid dragon scales
rPois   .          Reflect  .   k - +2 hat {Stlth+}
rElec   .          Harm     .   D - scarf {repulsion}
rCorr   +          Rampage  .   (gloves unavailable)
Will    ++...                   (boots unavailable)
Stlth   +++++++...              (no amulet)
HPRegen 0.19/turn               f - ring of wizardry
MPRegen 0.17/turn               a - +6 ring of strength

@: confusing by touch, wreathed by umbra, repel missiles, very quick
A: very small, no large weapons, unfitting armour, see invisible, speed 3
a: Renounce Religion


You were on level 12 of the Dungeon.
You worshipped Dithmenos.
Dithmenos was aware of your devotion.
You visited 2 branches of the dungeon, and saw 13 of its levels.

You collected 571 gold pieces.
You spent 45 gold pieces at shops.

Inventory:

Hand Weapons
 y - a +1 dagger of venom (weapon)
Missiles
 d - 73 poisoned darts (quivered)
 h - 5 atropa-tipped darts
 l - 3 throwing nets
Armour
 j - the +0 hat of Tesch {Int+3}
   (You acquired it on level 6 of the Dungeon)

   Int:       It affects your intelligence (+3).
 k - a +2 hat of stealth (worn)
 m - a +1 buckler (worn)
 B - +0 acid dragon scales (worn)
 C - a +0 troll leather armour
 D - a scarf of repulsion (worn)
Jewellery
 a - a +6 ring of strength (right hand)
 f - a ring of wizardry (left hand)
Wands
 n - a wand of iceblast (2)
 p - a wand of acid (8)
 t - a wand of mindburst (3)
 w - a wand of polymorph (14)
 F - a wand of paralysis (5)
Scrolls
 b - 2 scrolls of teleportation {unknown}
 e - 2 scrolls of fog
 g - 4 scrolls of fear
 i - a scroll of magic mapping {unknown}
 o - a scroll of amnesia
 s - a scroll of summoning
 A - a scroll of blinking
Potions
 c - a potion of invisibility
 q - 3 potions of heal wounds
 r - 2 potions of degeneration {unknown}
 u - 4 potions of curing
 v - a potion of might
 x - 2 potions of ambrosia
 z - a potion of flight
 E - a potion of cancellation {unknown}
 G - a potion of attraction {unknown}


   Skills:
 + Level 4.9 Fighting
 - Level 8.4 Short Blades
 - Level 11.0 Dodging
 - Level 12.4 Stealth
 * Level 6.7 Shields
 - Level 5.3 Spellcasting
 - Level 9.3 Hexes
 - Level 2.2 Ice Magic
 - Level 5.2 Evocations


You had 10 spell levels left.
You knew the following spells:

 Your Spells              Type           Power      Damage    Failure   Level
a - Confusing Touch       Hex            36%        N/A       1%          3
b - Tukima's Dance        Hex            36%        N/A       1%          3
c - Ensorcelled Hibernat  Hex/Ice        48%        N/A       1%          2
d - Dazzling Flash        Conj/Hex       40%        N/A       4%          3

Your spell library contained the following spells:

 Spells                   Type           Power      Damage    Failure   Level
 Pain                     Necr           16%        1d4       9%          1
 Shock                    Conj/Air       16%        1d4       9%          1
 Corpse Rot               Necr/Air       8%         N/A       13%         2
 Spider Form              Tmut/Pois      4%         N/A       26%         3
 Swiftness                Air            4%         N/A       26%         3
 Hailstorm                Conj/Ice       8%         3d4       45%         4
 Ice Form                 Ice/Tmut       8%         N/A       45%         4
 Airstrike                Air            2%         N/A       61%         4
 Agony                    Necr           4%         N/A       91%         5
 Excruciating Wounds      Necr           2%         N/A       91%         5
 Simulacrum               Ice/Necr       4%         N/A       100%        6
 Borgnjor's Revivificati  Necr           2%         N/A       100%        8
 Necromutation            Tmut/Necr      2%         N/A       100%        8
 Death's Door             Necr           2%         N/A       100%        9


Dungeon Overview and Level Annotations

Branches:
Dungeon (12/15)            Temple (1/1) D:7            Lair (0/6) D:9
    Orc (0/2) D:12

Altars:
Ashenzari
Cheibriados
Dithmenos
Elyvilon
Fedhas
Gozag
Hepliaklqana
Kikubaaqudgha
Makhleb
Nemelex Xobeh
Okawaru
Qazlal
Ru
Sif Muna
Trog
Uskayaw
Vehumet
Wu Jian
Xom
Yredelemnul
Zin
The Shining One
Beogh

Shops:
D:1 :   D:4 ?:?[=   D:7 (

Portals:
Abyss: D:7

Annotations:
D:7 2 transporters, hemabe71's ghost, novice HuAr


Innate Abilities, Weirdness & Mutations

You are very small and have problems with some larger weapons.
You are too small for most types of armour.
You have supernaturally acute eyesight. (SInv)
You cover ground extremely quickly. (Speed+++)


Message History

You hit the orc knight but do no damage.
The orc knight looks as sick as possible!
The orc knight is moderately wounded.
The orc knight completely misses you.
Casting: Tukima's Dance (safe; 1% risk of failure)
Confirm with . or Enter, or press ? or * to list all spells.
Your hands begin to glow red.
The orc knight hits you but does no damage.
An orc knight comes into view. It is wielding a +0 great mace.
You hit the orc knight but do no damage.
The orc knight is heavily wounded.
You hit the orc knight but do no damage.
The orc knight is heavily wounded.
The orc knight roars a battlecry!
The orc knight barely misses you.
You hear a shout!
Casting: Confusing Touch (safe; 1% risk of failure)
Confirm with . or Enter, or press ? or * to list all spells.
Aiming: Tukima's Dance (safe; 1% risk of failure)
Press: ? - help, Shift-Dir - straight line, f - orc knight, p - orc knight
Aim: an orc knight, wielding a +0 war axe and wearing a +0 plate armour (strong, chance to confuse on hit: 47%, umbra, chance to affect: 47%)
The orc knight resists with some effort.
You hear a shout! x2
The orc knight misses you.
The orc knight roars a battlecry!
The orc knight barely misses you.
Casting: Tukima's Dance (safe; 1% risk of failure)
Confirm with . or Enter, or press ? or * to list all spells.
Aiming: Tukima's Dance (safe; 1% risk of failure)
Press: ? - help, Shift-Dir - straight line, f/p - orc knight
Aim: an orc knight, wielding a +0 war axe and wearing a +0 plate armour (strong, chance to confuse on hit: 47%, umbra, chance to affect: 47%)
The +0 war axe dances into the air!
The orc knight no longer looks unusually strong.
The orc knight roars a battlecry!
The orc knight goes into a battle-frenzy!
The orc knight hits you!!
* * * LOW HITPOINT WARNING * * *
You hear a shout! x2
The orc knight hits you!!
You die...

###....# #......# #.#.#..#
#......##############
#.#.#...............#
####........#..#.#.#.#.##
..........(#...........#
#####.#####.###..#.#.#)#..#
......)o(##@####..........#
####8'8##.#o.###.#.#.#.#..#
.8.o..o #...o##...........#
....ooo
#.#..##..#.#.#.#..##
o_o.⌠..
#.#..##.............
.o.....
#.##.......##....#.#
.>.....
#..#.#.....##.####.# ###
#######
##.#.#.....##.####.# ..#
### #.#.#.....##....#.#


You could see 2 orc knights.

Vanquished Creatures
  Nessos (D:12)
  A hydra (D:7)
  A boulder beetle (shapeshifter) (D:8)
  Harold (D:9)
  An ogre mage (D:12)
  6 two-headed ogres
  2 manticores
  A cyclops (D:7)
  Joseph (D:9)
  2 gargoyles
  An unseen horror (D:12)
  A kobold demonologist (D:12)
  3 trolls
  2 hornets
  A slime creature (D:7)
  2 vampires
  3 wraiths
  A shadow (D:7)
  A wyvern (D:9)
  A water elemental (D:10)
  A steam dragon (D:8)
  4 acid dragons
  4 water moccasins
  4 sky beasts
  4 orc warriors
  An ice beast (D:6)
  A black bear (D:7)
  2 hornet zombies
  2 centaurs
  A bullfrog (D:9)
  2 gnoll sergeants
  A scorpion (D:6)
  A water moccasin zombie (D:5)
  A killer bee (D:4)
  6 howler monkeys
  4 centaur zombies
  A jelly (D:5)
  An orc priest (D:8)
  A bullfrog skeleton (D:5)
  3 hounds
  Ijyb (D:3)
  3 orc wizards
  2 killer bee zombies (D:8)
  A howler monkey zombie (D:5)
  2 howler monkey skeletons
  10 gnolls
  6 adders
  A white imp (D:8)
  2 worms
  2 dart slugs
  20 orcs
  7 ball pythons
  6 bats
  2 endoplasms
  3 goblins
  8 hobgoblins
  4 jackals (D:3)
  6 quokkas
  7 frilled lizards
  5 kobolds
  3 rats
179 creatures vanquished.

Vanquished Creatures (collateral kills)
  A kobold brigand (D:8)
  A killer bee (D:4)
  Crazy Yiuf (D:2)
  3 orc priests
  2 orc wizards
  5 gnolls
  An adder skeleton (D:4)
  4 orcs
  6 kobolds
24 creatures vanquished.

Vanquished Creatures (others)
  18 dancing weapons
  12 plants (D:8)
30 creatures vanquished.

Grand Total: 233 creatures vanquished

Notes
Turn   | Place    | Note
-------+----------+-------------------------------------------
     0 | D:1      | Decritt the Spriggan Enchanter began the quest for the Orb.
     0 | D:1      | Reached XP level 1. HP: 9/9 MP: 5/5
   250 | D:1      | Found Wassiucu's Book Shop.
   362 | D:1      | Reached XP level 2. HP: 13/13 MP: 6/6
   705 | D:1      | Found a faded altar of an unknown god.
   901 | D:2      | Found a runed translucent door.
   902 | D:2      | Noticed Crazy Yiuf
  1562 | D:2      | Reached XP level 3. HP: 16/16 MP: 8/8
  1666 | D:2      | Reached skill level 5 in Stealth
  2219 | D:2      | Reached XP level 4. HP: 10/21 MP: 9/9
  2384 | D:2      | Learned a level 3 spell: Confusing Touch
  2388 | D:2      | Learned a level 3 spell: Tukima's Dance
  2391 | D:2      | Learned a level 2 spell: Ensorcelled Hibernation
  3143 | D:2      | Killed Crazy Yiuf
  3845 | D:3      | Found a hazy altar of Hepliaklqana.
  3946 | D:3      | Found a sacrificial altar of Ru.
  4094 | D:3      | Noticed Ijyb
  4106 | D:3      | Killed Ijyb
  4107 | D:3      | Reached XP level 5. HP: 5/24 MP: 6/10
  4789 | D:4      | Noticed a sky beast
  4801 | D:4      | Killed a sky beast
  4802 | D:4      | Reached skill level 6 in Stealth
  4802 | D:4      | Reached skill level 5 in Hexes
  4814 | D:4      | Reached XP level 6. HP: 26/29 MP: 6/11
  4866 | D:4      | Found Reotih's Armour Boutique.
  4905 | D:4      | Reached skill level 1 in Fighting
  5238 | D:4      | Bought a +0 buckler for 45 gold pieces
  5475 | D:4      | Reached skill level 7 in Stealth
  5891 | D:4      | Found Jachuix's Magic Scroll Emporium.
  5914 | D:4      | Found Goleru's Jewellery Boutique.
  6022 | D:4      | Found Kodghiar's Magic Scroll Shoppe.
  6166 | D:4      | Found Laibag's Book Shop.
  6207 | D:5      | Entered Level 5 of the Dungeon
  6781 | D:5      | Noticed a sky beast
  6788 | D:5      | Killed a sky beast
  6789 | D:5      | Reached skill level 5 in Dodging
  6789 | D:5      | Reached XP level 7. HP: 33/33 MP: 13/13
  7332 | D:5      | Got Realyet's Grimoire of Lightness and Venom
  7360 | D:4      | Reached skill level 8 in Stealth
  7615 | D:4      | HP: 1/34 [killer bee (8)]
  7922 | D:5      | Found an opulent altar of Gozag.
  8014 | D:5      | Found a white marble altar of Elyvilon.
  8027 | D:5      | Found a sparkling altar of Nemelex Xobeh.
  8469 | D:6      | Identified a scroll of acquirement
  8469 | D:6      | Acquired the +0 hat of Tesch {Int+3}
  8952 | D:6      | Reached XP level 8. HP: 39/39 MP: 15/15
  9039 | D:6      | Reached skill level 9 in Stealth
 10219 | D:7      | Found Unwuc's Weapon Boutique.
 10238 | D:7      | Reached skill level 1 in Ice Magic
 10267 | D:7      | Found a staircase to the Ecumenical Temple.
 10281 | Temple   | Entered the Ecumenical Temple
 10378 | Temple   | Became a worshipper of Dithmenos the Shadowed
 10659 | D:7      | Found a transporter.
 10677 | D:7      | Found a transporter.
 10730 | D:7      | Found a one-way gate to the infinite horrors of the Abyss.
 10730 | D:7      | Noticed hemabe71's ghost (novice HuAr)
 10762 | D:7      | Identified the +5 war axe of Qeen {pain, Will- Str-2 Int+9}
 11121 | D:8      | Reached skill level 10 in Stealth
 11210 | D:8      | Noticed a hornet
 11368 | D:7      | Reached XP level 9. HP: 25/42 MP: 9/16
 11603 | D:8      | Reached skill level 5 in Short Blades
 11931 | D:7      | Reached skill level 1 in Evocations
 11975 | D:8      | Reached skill level 1 in Shields
 12126 | D:8      | Noticed a cyclops
 12441 | D:7      | Killed a cyclops
 12488 | D:8      | Noticed a five-headed hydra
 12714 | D:7      | Killed a five-headed hydra
 12714 | D:7      | Reached * piety under Dithmenos
 13125 | D:8      | Noticed a harpy
 13153 | D:8      | Reached XP level 10. HP: 33/46 MP: 6/17
 13297 | D:8      | Noticed a shining eye
 13391 | D:8      | Noticed a manticore
 13425 | D:8      | Killed a manticore
 13432 | D:8      | Noticed an anaconda
 13733 | D:8      | Noticed a quicksilver ooze
 13755 | D:8      | HP: 2/47 [quicksilver ooze (shapeshifter) (9)]
 13759 | D:8      | Noticed an emperor scorpion
 13759 | D:8      | a quicksilver ooze changed into an emperor scorpion
 13918 | D:8      | Noticed a boulder beetle
 14187 | D:8      | Killed a boulder beetle
 14188 | D:8      | Reached skill level 11 in Stealth
 14548 | D:9      | Noticed Harold
 14552 | D:9      | Killed Harold
 14747 | D:8      | Learned a level 3 spell: Dazzling Flash
 15087 | D:9      | Found a basalt altar of Yredelemnul.
 15174 | D:9      | Reached skill level 10 in Dodging
 15321 | D:9      | Noticed Joseph
 15588 | D:9      | Killed Joseph
 15747 | D:9      | Found a burning altar of Makhleb.
 16366 | D:9      | Found a radiant altar of Vehumet.
 16372 | D:9      | Found an iron altar of Okawaru.
 16373 | D:9      | Found a bloodstained altar of Trog.
 16514 | D:9      | Found a staircase to the Lair.
 16567 | D:10     | Entered Level 10 of the Dungeon
 16639 | D:10     | Reached skill level 12 in Stealth
 16938 | D:10     | Found a shimmering altar of Xom.
 16957 | D:10     | Identified the +8 arbalest "Widazyoj" {penet, rElec Int-5
                  | Dex+2}
 17070 | D:10     | Noticed a two-headed ogre
 17077 | D:10     | Killed a two-headed ogre
 17078 | D:10     | Reached XP level 11. HP: 52/52 MP: 16/19
 17921 | D:11     | Reached skill level 5 in Spellcasting
 17976 | D:11     | Reached skill level 5 in Evocations
 18731 | D:12     | Noticed Nessos
 18734 | D:12     | Killed Nessos
 18793 | D:12     | Noticed a two-headed ogre
 18807 | D:12     | Killed a two-headed ogre
 18880 | D:12     | Noticed a two-headed ogre
 18880 | D:12     | Noticed a two-headed ogre
 18880 | D:12     | Noticed an ogre mage
 18881 | D:12     | Noticed a two-headed ogre
 18885 | D:12     | Noticed a two-headed ogre
 19055 | D:11     | Killed a two-headed ogre
 19056 | D:11     | Reached skill level 5 in Shields
 19066 | D:11     | Killed a two-headed ogre
 20516 | D:11     | Killed a two-headed ogre
 21394 | D:11     | Killed a two-headed ogre
 21931 | D:12     | Killed an ogre mage
 22219 | D:12     | Reached XP level 12. HP: 59/59 MP: 16/20
 22306 | D:12     | Found a staircase to the Orcish Mines.
 22342 | D:12     | Demolished by an orc knight

Illustrated notes

Levels and vault maps discovered:
D:1:      giann_wishing_wells, layout_rooms, serial_shops, shop,
          shapermc_ecumenical_altar_ellora
D:2:      layout_basic, serial_curves, eino_curves_03, eino_curves_04,
          uniq_crazy_yiuf_cottage
D:3:      minmay_spotlight, layout_rooms, worldfamousw_hep_ancestral_shrine,
          nicolae_ru_sacrificial_ziggurat, hangedman_decor_growths,
          minmay_surrounded, uniq_ijyb
D:4:      layout_loops_ring, serial_shops, shop, nicolae_stop_n_shop_1,
          shop_scrolls, nicolae_shop_hallway_plus, shop_statue,
          amcnicky_mini_pool_small
D:5:      layout_basic, kennysheep_mini_moat, nemelex_diamond_rough_becter,
          mainiacjoe_overflow_small_starburst
D:6:      layout_basic
D:7:      layout_loops_ring, minmay_temple_entry_large_hall,
          gammafunk_ghost_abyssal_escape, serial_shops, shop
D:8:      layout_layer_cave, minmay_shattered_shrine
D:9:      layout_irregular_city, minitemple, lightli_temple_of_fire,
          lair_entry_dummy, minmay_variable_closet, uniq_harold, uniq_joseph
D:10:     layout_loops_ring, mainiacjoe_overflow_paths
D:11:     layout_loops_cross, nicolae_underground_beach
D:12:     layout_rooms, david_orc_5, serial_co_window_serial, co_window_paths_a,
          co_window_of_opportunity_a, co_window_corner_a, co_window_paths_a,
          co_window_corner_a, co_window_unsneaky_path_b, co_window_corner_b,
          co_window_2corner, co_window_4corner_b, co_window_sun,
          glass_columns_a, glass_columns_c, glass_columns_a, glass_columns_c,
          nrook_loot_triangle, hangedman_decor_riveting, uniq_nessos
Temple:   minmay_temple_curvy_loop

Skill      XL: |  1  2  3  4  5  6  7  8  9 10 11 |
---------------+----------------------------------+-----
Dodging        | 3 4 5 6 7 9 10 11 | 11.0
Spellcasting   | 3 4 5 |  5.3
Hexes          | 4 5 6 7 8 9 |  9.3
Short Blades   | 2 3 4 6 7 8 |  8.4
Stealth        | 5 6 7 8 10 12 | 12.4
Fighting       | 1 2 3 4 |  4.9
Ice Magic      | 1 2 |  2.2
Evocations     | 1 4 5 |  5.2
Shields        | 3 4 6 |  6.7

Action                   |  1- 3 |  4- 6 |  7- 9 | 10-12 || total
-------------------------+-------+-------+-------+-------++-------
Melee: Dagger            |    47 |   269 |   408 |   446 ||  1170
Throw: Dart              |    90 |     7 |    15 |    17 ||   129
 Cast: Confusing Touch   |       |    20 |    42 |    33 ||    95
       Tukima's Dance    |       |    17 |    30 |    32 ||    79
       Ensorcelled Hiber |       |     1 |    15 |    25 ||    41
  Use: Scroll            |       |     5 |     5 |     6 ||    16
       Potion            |       |       |     2 |     2 ||     4
 Stab: Invisible         |     2 |       |       |       ||     2
       Confused          |       |    20 |    38 |    30 ||    88
       Sleeping          |       |    10 |    12 |    20 ||    42
       Distracted        |       |     1 |       |     1 ||     2
Armor: Robe              |     2 |    29 |    75 |     6 ||   112
       Acid dragon scale |       |       |       |    13 ||    13
Dodge: Dodged            |    40 |   177 |   329 |   260 ||   806
Block: Buckler           |       |     8 |    77 |   119 ||   204

Table legend: (Time is in decaauts)
 A = Elapsed time spent in this place.
 B = Non-inter-level travel time spent in this place.
 C = Inter-level travel time spent in this place.
 D = Time resting spent in this place.
 E = Time spent auto-exploring this place.
 F = Levels seen in this place.
 G = Mean time per level.
                   A        B        C        D        E       F      G
               +--------+--------+--------+--------+--------+-----+--------+
         Total |  18190 |  18014 |    176 |   9470 |   4935 |  13 | 1399.2 |
       Dungeon |  18054 |  17893 |    161 |   9470 |   4820 |  12 | 1504.5 |
        Temple |    136 |    122 |     14 |      0 |    115 |   1 |  136.0 |
               +--------+--------+--------+--------+--------+-----+--------+

Top non-repeatable levels by time:
    D:11: 2360 daAuts
     D:7: 2189 daAuts
     D:2: 1909 daAuts
     D:8: 1841 daAuts
     D:4: 1654 daAuts
    D:10: 1588 daAuts
     D:3: 1451 daAuts
     D:9: 1364 daAuts
     D:5: 1297 daAuts
     D:6: 1036 daAuts
    D:12: 770 daAuts
     D:1: 592 daAuts
  Temple: 136 daAuts
